 Dungeon Crawl Stone Soup version 0.18.1-48-g4cf74bf (webtiles) character file.

24 djnw the Caller (level 2, 2/20 HPs)
             Began as a Mummy Summoner on Aug 21, 2016.
             Quit the game on level 2 of the Dungeon.
             The game lasted 00:06:47 (940 turns).

djnw the Caller (Mummy Summoner)                     Turns: 940, Time: 00:06:48

Health: 2/20       AC:  3    Str: 11    XL:     2   Next: 79%
Magic:  1/5        EV: 12    Int: 14    God:
Gold:   14         SH:  0    Dex: 12    Spells: 2 memorised, 2 levels left

rFire  x . .     SeeInvis .     e - +1 club
rCold  + . .     Gourm    .     a - +0 robe
rNeg   + + +     Faith    .     (no shield)
rPois  ∞         Spirit   .     (no helmet)
rElec  .         Dismiss  .     (no cloak)
rCorr  .         Reflect  .     (no gloves)
SustAt .         Harm     .     c - +0 pair of boots
MR     .....                    (no amulet)
Stlth  ++........               (no ring)
                                (no ring)

@: not resistant to hostile enchantments, unstealthy
A: no food or potions, fire vulnerability, cold resistance 1, negative energy
resistance 3, torment resistance, unbreathing
a: no special abilities


You were on level 2 of the Dungeon.
You were not hungry.

You visited 1 branch of the dungeon, and saw 2 of its levels.

You collected 14 gold pieces.

Inventory:

Hand Weapons
 e - a +1 club (weapon)
Armour
 a - a +0 robe (worn)
 c - a +0 pair of boots (worn)
Jewellery
 h - a cursed -2 ring of intelligence {unknown}
Scrolls
 d - a scroll of immolation
 f - 2 scrolls of enchant weapon
 g - a scroll of blinking {unknown}
Books
 b - a book of Callings

   Spells                             Type                      Level
   a - Summon Small Mammal            Summoning                    1
   b - Call Imp                       Summoning                    2
   c - Call Canine Familiar           Summoning                    3
   d - Summon Guardian Golem          Hexes/Summoning              3
   e - Summon Lightning Spire         Summoning/Air                4
   f - Summon Ice Beast               Ice/Summoning                4


   Skills:
 * Level 0.4 Fighting
 * Level 0.2 Maces & Flails
 - Level 1.6 Dodging
 - Level 1.7 Stealth
 + Level 2.2 Spellcasting
 + Level 3.6 Summonings


You had 2 spell levels left.
You knew the following spells:

 Your Spells              Type           Power        Failure   Level  Hunger
a - Summon Small Mammal   Summ           ##..         6%          1    N/A
b - Call Imp              Summ           ##......     10%         2    N/A

Dungeon Overview and Level Annotations

Branches:
Dungeon (2/15)

Altars:


Innate Abilities, Weirdness & Mutations

You do not eat or drink.
Your flesh is vulnerable to fire.
You are immune to poison.
Your flesh is cold resistant.
You are immune to negative energy.
You are immune to unholy pain and torment.
You can survive without breathing.


Message History

The quokka bites you.
* * * LOW HITPOINT WARNING * * *
Your bat hits the quokka.
Unknown command.
Your bat misses the quokka.
Your rat barely misses the gnoll.
The gnoll barely misses your bat.
The goblin shoots a stone.
The stone barely misses your crimson imp.
The stone hits the gnoll.
Your crimson imp hits the gnoll.
Your bat hits the gnoll.
Your bat hits the quokka but does no damage.
The hobgoblin hits your bat.
Your bat dies!
Your bat's corpse disappears in a puff of smoke!
Your rat closely misses the gnoll.
The goblin shoots a stone.
The stone barely misses your crimson imp.
The stone hits your rat.
Your rat dies!
Your rat's corpse disappears in a puff of smoke!
Your crimson imp blinks!
Are you sure you want to abandon this character and quit the game? (Confirm with "yes".)

#.#.........[..)..g
#.#.......#####....
#/....g..## ....
##...>!.## ....
#..(§..# ...
#ggg)..# ...
#.§....# #..
#r.....# #@####...#
#...####.# ..#.# .#
####.# . # ..


You could see 2 gnolls, a quokka, a hobgoblin and a goblin.

Vanquished Creatures
  A bat (D:1)
  A giant cockroach (D:1)
  A goblin (D:1)
  A hobgoblin (D:1)
  3 kobolds
  3 rats (D:1)
10 creatures vanquished.

Vanquished Creatures (collateral kills)
  A gnoll (D:2)
  A worm (D:2)
  3 bats
  A goblin (D:1)
  A hobgoblin (D:1)
  A jackal (D:1)
  A kobold (D:1)
9 creatures vanquished.

Grand Total: 19 creatures vanquished

Notes
Turn   | Place    | Note
--------------------------------------------------------------
     0 | D:1      | djnw the Mummy Summoner began the quest for the Orb.
     0 | D:1      | Reached XP level 1. HP: 13/13 MP: 3/3
   367 | D:1      | Reached XP level 2. HP: 19/19 MP: 5/5
   371 | D:1      | Learned a level 2 spell: Call Imp
   940 | D:2      | Quit the game

Action                   || total
-------------------------++-------
Melee: Club              ||    45
       Unarmed           ||     2
 Cast: Summon Small Mamm ||    13
       Call Imp          ||     6
  Use: Scroll            ||     3
Armor: Robe              ||    22
Dodge: Dodged            ||    63
